 Dungeon Crawl Stone Soup version 0.25.0-17-g773c8c6189 (webtiles) character file.

Game seed: 7121602230879036067

44 Ivernyr the Ogre Mage (level 3, -4/31 HPs)
             Began as an Ogre Wizard on June 30, 2020.
             Slain by Sigmund
             ... wielding a +0 scythe
              (10 damage)
             ... on level 2 of the Dungeon.
             The game lasted 00:04:26 (1849 turns).

Ivernyr the Ogre Mage (Ogre Wizard)                 Turns: 1849, Time: 00:04:26

Health: -4/31      AC:  3    Str: 11    XL:     3   Next: 62%
Magic:  1/8        EV: 10    Int: 20    God:
Gold:   79         SH:  0    Dex:  7    Spells: 7/10 levels left

rFire    . . .     SeeInvis .   (no weapon)
rCold    . . .     Gourm    .   (no shield)
rNeg     . . .     Faith    .   a - +0 robe
rPois    .         Spirit   .   b - +0 hat
rElec    .         Reflect  .   (no cloak)
rCorr    .         Harm     .   (gloves unavailable)
MR       .....                  (boots unavailable)
Stlth    ..........             (no amulet)
HPRegen  0.10/turn              j - ring of attention (curse)
MPRegen  0.11/turn              (no ring)

@: confused
A: large, unfitting armour, tough skin 1
a: no special abilities


You were on level 2 of the Dungeon.
You were near starving.

You visited 1 branch of the dungeon, and saw 2 of its levels.

You collected 79 gold pieces.

Inventory:

Armour
 a - a +0 robe (worn)
 b - a +0 hat (worn)
Jewellery
 j - a cursed ring of attention (left hand)
Scrolls
 c - 5 scrolls of teleportation {unknown}
 e - 2 scrolls of remove curse {unknown}
 g - 2 scrolls of identify {unknown}
 h - a scroll of magic mapping {unknown}
Potions
 f - a potion of heal wounds {unknown}
 i - a potion of flight {unknown}
Comestibles
 d - 4 rations


   Skills:
 + Level 2.2 Dodging
 - Level 1.4 Stealth
 + Level 4.0 Spellcasting
 * Level 2.2 Conjurations
   Level 0.8 Summonings
 - Level 0.8 Translocations


You had 7 spell levels left.
You knew the following spells:

 Your Spells              Type           Power        Failure   Level  Hunger
a - Magic Dart            Conj           ##..         4%          1    None
b - Blink                 Tloc           N/A          14%         2    #......

Your spell library contained the following spells:

 Spells                   Type           Power        Failure   Level  Hunger
 Call Imp                 Summ           #.......     14%         2    #......
 Slow                     Hex            #.......     19%         2    #......
 Conjure Flame            Conj/Fire      #.......     24%         3    ###....
 Mephitic Cloud           Conj/Pois/Air  #.......     28%         3    ###....


Dungeon Overview and Level Annotations

Branches:
Dungeon (2/15)

Altars:
Xom

Annotations:
D:2 Sigmund


Innate Abilities, Weirdness & Mutations

You are too large for most types of armour.
You have tough skin. (AC +1)


Message History

Sigmund points at you and mumbles some strange words.
You resist with some effort.
You hit Sigmund but do no damage.
Sigmund is heavily wounded.
Sigmund gestures at you while chanting. The puff of flame hits you!
* * * LOW HITPOINT WARNING * * *
You hit Sigmund.
Sigmund is heavily wounded.
Sigmund gestures at you while chanting.
You are confused.
You bump into the rock wall.
Sigmund closely misses you.
You're too confused to cast spells.
Sorry, you're not good enough to have a special ability.
Firing (i - inventory) No suitable missiles.
Press: ? - help, Shift-Dir - straight line, p - Sigmund
Okay, then.
You're too confused to move!
You bump into the rock wall.
Sigmund hits you with a +0 scythe!
You die...

#.. #.# #.#
#.# #.# #.#
#@#
#@#########
#......(..#
#########.#
#.#
#.#######.
#.........
#..######.
#..# #..#


You could see Sigmund.

Vanquished Creatures
  An ooze (D:1)
  3 dart slugs
  3 leopard geckos
  A ball python (D:1)
  2 bats (D:1)
  2 giant cockroaches (D:1)
  4 goblins (D:1)
  5 hobgoblins (D:1)
  3 kobolds (D:1)
  4 frilled lizards (D:1)
  2 rats (D:1)
30 creatures vanquished.

Notes
Turn   | Place    | Note
-------+----------+-------------------------------------------
     0 | D:1      | Ivernyr the Ogre Wizard began the quest for the Orb.
     0 | D:1      | Reached XP level 1. HP: 16/16 MP: 5/5
     9 | D:1      | Reached skill level 1 in Conjurations
   162 | D:1      | Reached XP level 2. HP: 24/24 MP: 3/6
   675 | D:1      | Reached XP level 3. HP: 31/31 MP: 5/8
   755 | D:1      | Learned a level 2 spell: Blink
   935 | D:1      | Reached skill level 4 in Spellcasting
  1356 | D:2      | Found a shimmering altar of Xom.
  1834 | D:2      | Noticed Sigmund
  1849 | D:2      | Slain by Sigmund

Illustrated notes

Levels and vault maps discovered:
D:1:      ebering_hopf_link, layout_basic, serial_corexii_hall,
          corexii_hall_statues_l, corexii_hall_statues_s
D:2:      layout_loops_ring, xom_teletrap_fun, uniq_sigmund

Skill      XL: |  1  2  3 |
---------------+----------+-----
Conjurations   | 1 2 |  2.2
Dodging        | 2 |  2.2
Spellcasting   | 4 |  4.0
Stealth        | |  1.4
Summonings     | |  0.8
Translocations | |  0.8

Action                   || total
-------------------------++-------
Melee: Unarmed           ||    52
 Cast: Magic Dart        ||    67
  Eat: Chunk             ||     1
Armor: Robe              ||     9
Dodge: Dodged            ||    29
